 Dungeon Crawl Stone Soup version 0.17.1-2-g5865329 (webtiles) character file.

168 Lonerover the Ruffian (level 5, -15/34 HPs)
             Began as a Gargoyle Monk on Jan 26, 2016.
             Was an Initiate of Makhleb.
             Demolished by an ogre
             ... wielding a +0 giant club
              (29 damage)
             ... on level 4 of the Dungeon on Jan 27, 2016.
             The game lasted 00:40:55 (3735 turns).

Lonerover the Ruffian (Gargoyle Monk)               Turns: 3735, Time: 00:40:55

Health: -15/34     AC:  8    Str: 15    XL:     5   Next: 49%
Magic:  5/5        EV: 12    Int: 10    God:    Makhleb [......]
Gold:   116        SH:  0    Dex: 13    Spells: 0 memorised, 4 levels left

rFire  . . .     SeeInvis .       - Unarmed
rCold  . . .     Clarity  .     i - +1 robe
rNeg   + . .     SustAt   .     (no shield)
rPois  ∞         Gourm    .     h - +0 helmet
rElec  +         Spirit   .     (no cloak)
rCorr  .         Warding  .     (no gloves)
rMut   .         Stasis   .     (no boots)
MR     .....                    (no amulet)
Stlth  +.........               (no ring)
                                e - ring of flight

@: confused, drained, not resistant to hostile enchantments, very unstealthy
A: negative energy resistance 1, electricity resistance, unbreathing,
petrification resistance, rot immunity, AC +4
a: Renounce Religion, Evoke Flight


You were on level 4 of the Dungeon.
You worshipped Makhleb.
Makhleb was noncommittal.
You were very hungry.

You visited 1 branch of the dungeon, and saw 4 of its levels.

You collected 120 gold pieces.

Inventory:

Hand Weapons
 c - a +1 whip
 n - a cursed -1 hunting sling
Missiles
 o - 39 sling bullets
Armour
 a - a +0 robe
 h - a +0 helmet (worn)
 i - a +1 robe (worn)
 y - a +0 leather armour
Jewellery
 e - a ring of flight (left hand)
Scrolls
 g - a scroll of enchant weapon
 j - 2 scrolls of identify
 m - 3 scrolls of teleportation
 t - a scroll of fear
 u - a scroll of enchant armour
Potions
 f - 2 potions of curing
Miscellaneous
 q - a plain deck of destruction
 r - a plain deck of destruction
 s - a plain deck of escape {drawn: 5}
Comestibles
 b - 4 bread rations
 w - a slice of pizza


   Skills:
 + Level 4.5(4.4) Fighting
 - Level 2.4(2.3) Dodging
 - Level 2.1(2.0) Stealth
 + Level 5.8(5.7) Unarmed Combat
 + Level 0.1(0.0) Evocations


You had 4 spell levels left.
You didn't know any spells.

Dungeon Overview and Level Annotations

Branches:
Dungeon (4/15)
 Temple: D:4-7

Altars:
Makhleb
Nemelex Xobeh

Annotations:
D:4 Eustachio


Innate Abilities, Weirdness & Mutations

You are resistant to torment.
Your stone body is resilient (AC +4).
You are immune to poison.
You resist negative energy.
You are resistant to electric shocks.
You can survive without breathing.
You are immune to petrification.
You are immune to rotting.


Message History

The iron imp disappears in a puff of smoke!
The ogre hits you with a giant club!!
Ouch! That really hurt!
You see here a scroll of teleportation.
Eustachio casts a spell.
Eustachio blinks!
There is a stone staircase leading down here.
Unknown command.
You can't go up here!
Found 11 stones.
Number of times to repeat, then command key: You must enter the number of times for the command to repeat.
Unknown command.
Nemelex Xobeh makes you draw from the Deck of Punishment.
You draw a card...
You have drawn the Wraith.
You partially resist.
You feel drained. The divine experience confuses you!
You are confused.
The ogre hits you with a giant club!!
Ouch! That really hurt!
You die...

##.###.#
##.##.########**,
#....)#
#.######*******,
#####.# #.#
*..,,,,,>,, #.#
#.# #.#********
#.###########.#
#.#
#...........O.#
#O#
##†#######....#
#.# #######.#
#O#######.#
........#
#.@.......#
###.#####
########..# #.#
#..# ### #.#
#..#####.## #.#
#.........#
#.####
#.######.##
#....# #.# #.#
####.# #.# #.#
#.# ### ###.# #.#


You could see an ogre.

Vanquished Creatures
  A hound skeleton (D:3)
  A worker ant zombie (D:4)
  5 adders
  3 oozes
  3 giant geckos
  3 orcs (D:3)
  10 bats
  8 goblins
  7 hobgoblins
  11 jackals
  3 quokkas
  2 ball pythons
  6 giant cockroaches
  8 giant newts
  12 kobolds
  6 rats
89 creatures vanquished.

Notes
Turn   | Place    | Note
--------------------------------------------------------------
     0 | D:1      | Lonerover the Gargoyle Monk began the quest for the Orb.
     0 | D:1      | Reached XP level 1. HP: 14/14 MP: 1/1
   139 | D:1      | Reached XP level 2. HP: 13/19 MP: 2/2
   617 | D:1      | Reached XP level 3. HP: 14/23 MP: 3/3
  1148 | D:2      | Reached skill level 5 in Unarmed Combat
  1238 | D:2      | Reached XP level 4. HP: 29/29 MP: 4/4
  1765 | D:3      | Found a sparkling altar of Nemelex Xobeh.
  1954 | D:3      | Became a worshipper of Nemelex Xobeh the Trickster
  1954 | D:3      | Received a gift from Nemelex Xobeh
  1954 | D:3      | Reached * piety under Nemelex Xobeh
  1954 | D:3      | Received a gift from Nemelex Xobeh
  1954 | D:3      | Received a gift from Nemelex Xobeh
  1954 | D:3      | Reached ** piety under Nemelex Xobeh
  2123 | D:3      | Found a burning altar of Makhleb.
  2449 | D:3      | Reached XP level 5. HP: 33/33 MP: 5/5
  3022 | D:4      | Noticed an ogre
  3129 | D:4      | Noticed an ogre
  3135 | D:4      | Noticed an ogre
  3564 | D:3      | Fell from the grace of Nemelex Xobeh
  3564 | D:3      | Became a worshipper of Makhleb the Destroyer
  3691 | D:4      | Noticed Eustachio
  3735 | D:4      | Demolished by an ogre

Action                   |  1- 3 |  4- 6 || total
-------------------------+-------+-------++-------
Melee: Unarmed           |   128 |   188 ||   316
       Whip              |     4 |       ||     4
Evoke: Deck              |       |     5 ||     5
  Use: Scroll            |     2 |     7 ||     9
       Potion            |     2 |     4 ||     6
 Stab: Sleeping          |     2 |     4 ||     6
  Eat: Chunk             |     1 |     4 ||     5
       Beef jerky        |       |     2 ||     2
